 Dungeon Crawl Stone Soup version 0.28.0-45-g0d030f2227 (webtiles) character file.

Game seed: 4032576697297918568

158 Ablot the Grasshopper (level 5, 0/42 (43) HPs)
             Began as a Gnoll Warper on Apr 9, 2022.
             Killed by divine providence
             ... invoked by an orc priest
              (14 damage)
             ... on level 3 of the Dungeon.
             The game lasted 00:02:19 (2901 turns).

Ablot the Grasshopper (Gnoll Warper)                Turns: 2901, Time: 00:02:19

HP:   0/42 (43)     AC:  4    Str: 18    XL:     5   Next: 39%
MP:   12/12         EV: 13    Int: 12    God:
Gold: 74            SH:  0    Dex: 12    Spells: 12/14 levels left

rFire   + . .      SeeInvis .   a - +0 spear
rCold   . . .      Faith    .   (no shield)
rNeg    . . .      Spirit   .   b - +0 leather armour
rPois   .          Reflect  .   (no helmet)
rElec   .          Harm     .   m - +0 cloak
rCorr   .          Rampage  .   (no gloves)
Will    .....                   (no boots)
Stlth   +.........              (no amulet)
HPRegen 0.14/turn               e - +6 ring of strength
MPRegen 0.13/turn               k - ring of protection from fire

@: lightly drained
A: fangs 1, strong nose, distributed training
a: no special abilities


You were on level 3 of the Dungeon.
You visited 1 branch of the dungeon, and saw 3 of its levels.

You collected 74 gold pieces.

Inventory:

Hand Weapons
 a - a +0 spear (weapon)
Missiles
 d - 5 boomerangs of dispersal
 f - 21 sling bullets
 g - 2 throwing nets
 h - 77 stones (quivered)
 p - 25 arrows
Armour
 b - a +0 leather armour (worn)
 m - a +0 cloak (worn)
Jewellery
 e - a +6 ring of strength (left hand)
 k - a ring of protection from fire (right hand)
Scrolls
 c - a scroll of blinking
 i - a scroll of immolation {unknown}
 l - a scroll of noise {unknown}
 n - a scroll of identify {unknown}
 o - a scroll of enchant armour {unknown}
Potions
 j - 2 potions of mutation {unknown}
 q - a potion of curing {unknown}


   Skills:
 + Level 4.8 Fighting
 + Level 1.4 Short Blades
 + Level 1.4 Long Blades
 + Level 1.4 Axes
 + Level 1.4 Maces & Flails
 + Level 4.8 Polearms
 + Level 1.4 Staves
 + Level 1.4 Slings
 + Level 1.4 Bows
 + Level 1.4 Crossbows
 + Level 3.0 Throwing
 + Level 3.0 Armour
 + Level 4.8 Dodging
 + Level 1.4 Stealth
 + Level 1.4 Shields
 + Level 1.4 Unarmed Combat
 + Level 5.2 Spellcasting
 + Level 1.1 Conjurations
 + Level 1.1 Hexes
 + Level 1.1 Summonings
 + Level 1.1 Necromancy
 + Level 5.5 Translocations
 + Level 1.1 Transmutations
 + Level 1.1 Fire Magic
 + Level 1.1 Ice Magic
 + Level 1.1 Air Magic
 + Level 1.1 Earth Magic
 + Level 1.1 Poison Magic
 + Level 1.6 Invocations
 + Level 1.4 Evocations


You had 12 spell levels left.
You knew the following spells:

 Your Spells              Type           Power      Damage    Failure   Level
a - Blink                 Tloc           32%        N/A       3%          2

Your spell library contained the following spells:

 Spells                   Type           Power      Damage    Failure   Level
 Gell's Gravitas          Tloc           16%        N/A       7%          3
 Lesser Beckoning         Tloc           16%        N/A       7%          3
 Teleport Other           Tloc           16%        N/A       7%          3
 Magic Dart               Conj           20%        1d4       14%         1
 Call Imp                 Summ           5%         N/A       22%         2
 Mephitic Cloud           Conj/Pois/Air  5%         N/A       41%         3
 Manifold Assault         Tloc           16%        N/A       54%         5


Dungeon Overview and Level Annotations

Branches:
Dungeon (3/15)

Altars:


Innate Abilities, Weirdness & Mutations

You have very sharp teeth.
Your uncanny sense of smell can sniff out nearby items.
Your experience applies equally to all skills.


Message History

The orc priest hits you with a +0 dagger.
You closely miss the orc priest.
The orc priest is lightly wounded.
The orc priest hits you but does no damage.
You hit the orc priest but do no damage.
The orc priest is lightly wounded.
The orc priest mumbles some strange prayers to Beogh against you.
Pain shoots through your body!
You hit the orc priest but do no damage.
Your bite misses the orc priest.
The orc priest is lightly wounded.
The orc priest hits you with a +0 dagger.
You hit the orc priest.
You bite the orc priest, but do no damage.
The orc priest is moderately wounded.
The orc priest hits you but does no damage.
You hit the orc priest but do no damage.
The orc priest is moderately wounded.
You hit the orc priest.
The orc priest is heavily wounded.
The orc priest barely misses you.
You hit the orc priest but do no damage.
The orc priest is heavily wounded.
The orc priest hits you with a +0 dagger.
You hit the orc priest but do no damage.
You bite the orc priest, but do no damage.
The orc priest is heavily wounded.
The orc priest hits you with a +0 dagger.
You hit the orc priest but do no damage.
The orc priest is heavily wounded.
The orc priest hits you but does no damage.
You barely miss the orc priest. Your bite misses the orc priest.
The orc priest is heavily wounded.
The orc priest hits you with a +0 dagger.
You hit the orc priest but do no damage.
Your punch misses the orc priest.
The orc priest is heavily wounded.
The orc priest mumbles some strange prayers to Beogh against you.
Beogh smites you!
You die...

##.#########.#####.#
#.# #....)..#
#.#################
#.#..)......#
#.#.###...#<#
#.#.##......##########
#.#.#.....(..)<.......
∆
#.....[.....##########
###.###...#@# #.#
##.##o# #.# ####.# #.#
#.# #.. ..# ### ###


You could see an orc priest.

Vanquished Creatures
  A bullfrog skeleton (D:3)
  2 orc wizards
  3 adders
  A worm (D:3)
  2 orcs (D:3)
  4 bats
  5 endoplasms
  A giant cockroach (D:2)
  4 hobgoblins
  6 jackals
  5 kobolds
  A quokka (D:2)
  6 ball pythons
  3 frilled lizards (D:1)
  2 goblins
  5 rats
51 creatures vanquished.

Notes
Turn   | Place    | Note
-------+----------+-------------------------------------------
     0 | D:1      | Ablot the Gnoll Warper began the quest for the Orb.
     0 | D:1      | Reached XP level 1. HP: 20/20 MP: 6/6
    55 | D:1      | Reached XP level 2. HP: 20/26 MP: 7/7
    67 | D:1      | Learned a level 2 spell: Blink
   974 | D:1      | Reached XP level 3. HP: 30/31 MP: 9/9
  1099 | D:2      | Reached skill level 5 in Spellcasting
  1156 | D:2      | Reached skill level 1 in Invocations
  1619 | D:2      | Reached skill level 1 in Short Blades
  1619 | D:2      | Reached skill level 1 in Long Blades
  1619 | D:2      | Reached skill level 1 in Axes
  1619 | D:2      | Reached skill level 1 in Maces & Flails
  1619 | D:2      | Reached skill level 1 in Staves
  1619 | D:2      | Reached skill level 1 in Slings
  1619 | D:2      | Reached skill level 1 in Bows
  1619 | D:2      | Reached skill level 1 in Crossbows
  1619 | D:2      | Reached skill level 1 in Stealth
  1619 | D:2      | Reached skill level 1 in Shields
  1619 | D:2      | Reached skill level 1 in Unarmed Combat
  1619 | D:2      | Reached skill level 1 in Evocations
  1744 | D:2      | Found a faded altar of an unknown god.
  1773 | D:2      | Reached XP level 4. HP: 38/38 MP: 11/11
  2207 | D:3      | Reached skill level 1 in Conjurations
  2207 | D:3      | Reached skill level 1 in Hexes
  2207 | D:3      | Reached skill level 1 in Summonings
  2207 | D:3      | Reached skill level 1 in Necromancy
  2207 | D:3      | Reached skill level 1 in Transmutations
  2207 | D:3      | Reached skill level 1 in Fire Magic
  2207 | D:3      | Reached skill level 1 in Ice Magic
  2207 | D:3      | Reached skill level 1 in Air Magic
  2207 | D:3      | Reached skill level 1 in Earth Magic
  2207 | D:3      | Reached skill level 1 in Poison Magic
  2454 | D:3      | Reached XP level 5. HP: 32/43 MP: 12/12
  2901 | D:3      | Killed from afar by an orc priest

Illustrated notes

Levels and vault maps discovered:
D:1:      psy_arrival_fountain, layout_loops_ring
D:2:      layout_rooms, dilly_ecumenical_altar_fadedgnrine
D:3:      layout_loops_ring

Skill      XL: |  1  2  3  4  5 |
---------------+----------------+-----
Spellcasting   | 5 |  5.2
Invocations    | 1 |  1.6
Short Blades   | 1 |  1.4
Long Blades    | 1 |  1.4
Axes           | 1 |  1.4
Maces & Flails | 1 |  1.4
Staves         | 1 |  1.4
Slings         | 1 |  1.4
Bows           | 1 |  1.4
Crossbows      | 1 |  1.4
Stealth        | 1 |  1.4
Shields        | 1 |  1.4
Unarmed Combat | 1 |  1.4
Evocations     | 1 |  1.4
Conjurations   | 1 |  1.1
Hexes          | 1 |  1.1
Summonings     | 1 |  1.1
Necromancy     | 1 |  1.1
Transmutations | 1 |  1.1
Fire Magic     | 1 |  1.1
Ice Magic      | 1 |  1.1
Air Magic      | 1 |  1.1
Earth Magic    | 1 |  1.1
Poison Magic   | 1 |  1.1
Throwing       | 3 |  3.0
Armour         | 3 |  3.0
Fighting       | |  4.8
Polearms       | |  4.8
Dodging        | |  4.8
Translocations | |  5.5

Action                   |  1- 3 |  4- 6 || total
-------------------------+-------+-------++-------
Melee: Spear             |   127 |   113 ||   240
       Punch             |     2 |     2 ||     4
       Bite              |    10 |    15 ||    25
Throw: Stone             |       |     4 ||     4
 Stab: Sleeping          |     1 |     1 ||     2
       Distracted        |     1 |       ||     1
Armor: Leather armour    |    29 |    13 ||    42
Dodge: Dodged            |    55 |    37 ||    92
